 Dungeon Crawl Stone Soup version 0.29-a0-575-g0dc89cf (webtiles) character file.

Game seed: 817405083213762953

695 BingusPrime the Skirmisher (level 7, -8/53 HPs)
             Began as a Djinni Fire Elementalist on June 12, 2022.
             Mangled by an ogre
             ... wielding a +0 giant club
              (29 damage)
             ... on level 5 of the Dungeon.
             The game lasted 00:15:19 (3902 turns).

BingusPrime the Skirmisher (DjFE)                   Turns: 3902, Time: 00:15:20

Health: -8/53      AC:  3    Str:  7    XL:     7   Next: 96%
Gold:   203        EV: 13    Int: 19    God:
                   SH:  0    Dex: 13

rFire   + + .      SeeInvis .   c - staff of conjuration
rCold   x . .      Faith    .   (no shield)
rNeg    . . .      Spirit   .   a - +0 robe
rPois   ∞          Reflect  .   (no helmet)
rElec   .          Harm     .   (no cloak)
rCorr   .          Rampage  .   p - +0 pair of gloves
Will    +....                   (boots unavailable)
Stlth   ++........              i - amulet of regeneration
HPRegen 0.97/turn               t - ring of willpower
MPRegen 0.00/turn               (no ring)

@: flying, very slightly contaminated
A: sickness immunity, fire resistance 2, cold vulnerability 1, float, innate
caster, HP casting, extra vitality 1
a: no special abilities


You were on level 5 of the Dungeon.
You visited 2 branches of the dungeon, and saw 6 of its levels.

You collected 203 gold pieces.

Inventory:

Armour
 a - a +0 robe (worn)
 p - a +0 pair of gloves (worn)
Magical Staves
 c - a staff of conjuration (weapon)
Jewellery
 i - an amulet of regeneration (around neck)
 t - a ring of willpower (left hand)
Scrolls
 b - a scroll of poison {unknown}
 d - a scroll of summoning {unknown}
 e - 2 scrolls of enchant weapon {unknown}
 f - 4 scrolls of teleportation
 m - a scroll of immolation {unknown}
 o - 2 scrolls of vulnerability
 q - 2 scrolls of fear
 r - a scroll of blinking {unknown}
Potions
 h - a potion of ambrosia
 j - a potion of cancellation
 k - 2 potions of haste
 l - 2 potions of heal wounds
 n - 2 potions of berserk rage
 s - a potion of mutation {unknown}


   Skills:
 * Level 4.9 Fighting
 + Level 4.4 Dodging
 - Level 1.5 Stealth
 * Level 4.5 Spellcasting


You couldn't memorise any spells.
You knew the following spells:

 Your Spells              Type           Power      Damage    Failure   Level
a - Foxfire               Conj/Fire      100%       2x1d9     1%          1
b - Scorch                Fire           42%        2d7       3%          2
c - Conjure Flame         Conj/Fire      32%        6-21      6%          3
d - Inner Flame           Hex/Fire       21%        N/A       6%          3
e - Flame Wave            Conj/Fire      32%        2d8       21%         4
f - Magic Dart            Conj           100%       1d8       1%          1
g - Ensorcelled Hibernat  Hex/Ice        42%        N/A       3%          2
h - Teleport Other        Tloc           21%        N/A       6%          3
Your spell library was empty.

Dungeon Overview and Level Annotations

Branches:
Dungeon (5/15)             Temple (1/1) D:5

Altars:
Ashenzari
Cheibriados
Dithmenos
Fedhas
Gozag
Hepliaklqana
Kikubaaqudgha
Nemelex Xobeh
Okawaru
Qazlal
Ru
Sif Muna
Trog
Vehumet
Xom
Zin
The Shining One


Innate Abilities, Weirdness & Mutations

You are immune to sickness and miasma.
You are immune to poison.
Your flesh is very heat resistant. (rF++)
You are vulnerable to cold. (rC-)
You float through the air rather than walking.
You learn spells naturally, not from books.
Your magical power is your life essence.
You have superior vitality. (+4 MHP)


Message History

Confirm with . or Enter, or press ? or * to list all spells.
You feel a surge of power!
The fire begins to smoulder!
The foxfire hits the ogre.
The ogre is lightly wounded.
The foxfire hits the ogre but does no damage.
The ogre is lightly wounded.
An orc comes into view. It is wielding a +0 hand axe.
The fire ignites!
Casting: Conjure Flame (dangerous; 6% risk of failure)
Confirm with . or Enter, or press ? or * to list all spells.
You feel a surge of power!
The fire begins to smoulder!
The fire ignites!
Things that are here:
a +0 club; 2 boomerangs; a +0 ring mail
Casting: Conjure Flame (dangerous; 6% risk of failure)
Confirm with . or Enter, or press ? or * to list all spells.
Flames lash the orc.
The orc is severely wounded.
The orc's fire resistance burns away.
The ogre hits you with a +0 giant club!
Casting: Scorch (safe; 3% risk of failure)
Confirm with . or Enter, or press ? or * to list all spells.
You miscast Scorch.
You are very lightly contaminated with residual magic.
Nothing appears to happen.
Casting: Scorch (safe; 3% risk of failure)
Confirm with . or Enter, or press ? or * to list all spells.
Flames lash the ogre.
The ogre is lightly wounded.
The ogre's fire resistance burns away.
The ogre hits you with a +0 giant club!!
The orc hits you with a +0 hand axe.
Casting: Scorch (safe; 3% risk of failure)
Confirm with . or Enter, or press ? or * to list all spells.
Flames lash the orc.
The orc is burned terribly!
You kill the orc!
You hear a shout!
An orc wizard comes into view. It is wielding a +0 dagger.
The ogre hits you with a +0 giant club!!
Ouch! That really hurt!
You die...

#... ..#.#
#.).o####
#......# .).#.#
#####)#.####
...........####
##.§......#
#)@§)..##.#
#..O...#
#.###.##
#.§....#
#..##..#
#..##..#
#.#####.>#
#........#
#############.##


You could see an ogre (combustible) and an orc wizard.

Vanquished Creatures
  Prince Ribbit (D:5)
  Blork the orc (D:4)
  A scorpion (D:4)
  2 hounds
  2 jellies
  A gnoll shaman (D:5)
  2 orc wizards (D:4)
  Robin (D:3)
  6 gnolls
  4 adders
  2 ufetubi (D:5)
  4 dart slugs
  13 orcs
  3 endoplasms
  A giant cockroach (D:1)
  9 goblins
  A hobgoblin (D:4)
  5 jackals (D:2)
  3 quokkas
  3 ball pythons
  4 bats
  A frilled lizard (D:3)
  2 kobolds (D:4)
  6 rats
78 creatures vanquished.

Vanquished Creatures (others)
  241 foxfires
241 creatures vanquished.

Grand Total: 319 creatures vanquished

Notes
Turn   | Place    | Note
-------+----------+-------------------------------------------
     0 | D:1      | BingusPrime the Djinni Fire Elementalist began the quest
                  | for the Orb.
     0 | D:1      | Reached XP level 1. HP: 15/15 MP: 0/0
   581 | D:1      | Reached XP level 2. HP: 20/22 MP: 0/0
   820 | D:1      | Reached skill level 1 in Fighting
  1042 | D:2      | Reached XP level 3. HP: 20/27 MP: 0/0
  1042 | D:2      | Learned a level 1 spell: Magic Dart
  1736 | D:3      | Reached XP level 4. HP: 33/33 MP: 0/0
  1768 | D:3      | Noticed Robin
  1775 | D:3      | Killed Robin
  2338 | D:3      | Found a blossoming altar of Fedhas.
  2537 | D:3      | Reached XP level 5. HP: 35/39 MP: 0/0
  2537 | D:3      | Learned a level 2 spell: Ensorcelled Hibernation
  2721 | D:3      | Found a sacrificial altar of Ru.
  3104 | D:4      | Noticed Blork the orc
  3118 | D:4      | Killed Blork the orc
  3119 | D:4      | Reached XP level 6. HP: 18/46 MP: 0/0
  3568 | D:5      | Entered Level 5 of the Dungeon
  3589 | D:5      | Reached XP level 7. HP: 52/52 MP: 0/0
  3589 | D:5      | Learned a level 3 spell: Teleport Other
  3594 | D:5      | Noticed Prince Ribbit
  3600 | D:5      | Killed Prince Ribbit
  3628 | D:5      | Identified the +5 spear "Nacaup" {antimagic, *Slow rCorr
                  | Str+2}
  3679 | D:5      | Found a staircase to the Ecumenical Temple.
  3734 | Temple   | Entered the Ecumenical Temple
  3902 | D:5      | Mangled by an ogre

Illustrated notes

Levels and vault maps discovered:
D:1:      dpeg_arrival_renting, layout_basic, chequers_serial_rivers_marsh,
          chequers_serial_rivers_micro_b, minmay_tetromino_o2
D:2:      layout_loops_cross
D:3:      layout_basic, nicolae_ru_the_path_less_chosen, fedhas_altar_3,
          roderic_lattice_a, wad_orctagon, uniq_robin
D:4:      layout_basic, st_stairs_13, hangedman_feature_mirror,
          uniq_blork_the_orc
D:5:      layout_basic, amcnicky_altar_gilded,
          minmay_temple_entry_statues_fountains, minivault_19,
          uniq_prince_ribbit1, uniq_crazy_yiuf_cottage
Temple:   regret_index_temple_waves

Skill      XL: |  1  2  3  4  5  6  7 |
---------------+----------------------+-----
Fighting       | 1 2 3 4 |  4.9
Spellcasting   | 3 4 |  4.5
Dodging        | 3 4 |  4.4
Stealth        | |  1.5

Action                   |  1- 3 |  4- 6 |  7- 9 || total
-------------------------+-------+-------+-------++-------
 Cast: Foxfire           |    54 |    75 |    29 ||   158
       Scorch            |       |    12 |     5 ||    17
       Conjure Flame     |       |     7 |     2 ||     9
       Ensorcelled Hiber |       |     4 |       ||     4
       Magic Dart        |       |     7 |       ||     7
  Use: Scroll            |       |    10 |       ||    10
Armor: Robe              |     4 |     7 |       ||    11
Dodge: Dodged            |    15 |    24 |       ||    39

Table legend: (Time is in decaauts)
 A = Elapsed time spent in this place.
 B = Non-inter-level travel time spent in this place.
 C = Inter-level travel time spent in this place.
 D = Time resting spent in this place.
 E = Time spent auto-exploring this place.
 F = Levels seen in this place.
 G = Mean time per level.
                   A        B        C        D        E       F      G
               +--------+--------+--------+--------+--------+-----+--------+
         Total |   3900 |   3746 |    154 |    197 |   2974 |   6 |  650.0 |
       Dungeon |   3791 |   3652 |    139 |    197 |   2893 |   5 |  758.2 |
        Temple |    108 |     93 |     15 |      0 |     81 |   1 |  108.0 |
               +--------+--------+--------+--------+--------+-----+--------+

Top non-repeatable levels by time:
     D:3: 1237 daAuts
     D:1: 1033 daAuts
     D:2: 688 daAuts
     D:4: 607 daAuts
     D:5: 224 daAuts
  Temple: 108 daAuts
